 Dungeon Crawl Stone Soup version 0.26.1-11-gd32895ea62 (webtiles) character file.

Game seed: 2278094809178781295

47 Almogavar the Skirmisher (level 3, -4/43 HPs)
             Began as a Demonspawn Berserker on July 16, 2021.
             Was a Believer of Trog.
             Killed from afar by an orc wizard (11 damage)
             ... with a puff of flame
             ... on level 2 of the Dungeon.
             The game lasted 00:02:10 (890 turns).

Almogavar the Skirmisher (Demonspawn Berserker)      Turns: 890, Time: 00:02:10

Health: -4/43      AC:  5    Str: 18    XL:     3   Next: 48%
Magic:  0/3        EV: 12    Int:  8    God:    Trog [**....]
Gold:   52         SH:  0    Dex: 12    Spells: 2/2 levels left

rFire    . . .     SeeInvis .   a - +0 falchion
rCold    . . .     Faith    .   (no shield)
rNeg     . . .     Spirit   +   b - +0 animal skin
rPois    .         Reflect  .   h - +1 helmet
rElec    .         Harm     .   (no cloak)
rCorr    .         Rampage  .   (no gloves)
Will     ++...                  k - +0 pair of boots
Stlth    ..........             (no amulet)
HPRegen  1.14/turn              (no ring)
MPRegen  0.08/turn              (no ring)

@: berserking (expiring), regenerating, very quick
A: magic shield
a: Renounce Religion, Berserk, Trog's Hand


You were on level 2 of the Dungeon.
You worshipped Trog.
Trog was pleased with you.
You visited 1 branch of the dungeon, and saw 2 of its levels.

You collected 52 gold pieces.

Inventory:

Hand Weapons
 a - a +0 falchion (weapon)
Armour
 b - a +0 animal skin (worn)
 h - a +1 helmet (worn)
 k - a +0 pair of boots (worn)
Scrolls
 d - a scroll of remove curse {unknown}
 l - a scroll of teleportation {unknown}
Potions
 c - a potion of curing {unknown}
 e - a potion of attraction {unknown}
 f - a potion of ambrosia {unknown}
 g - a potion of cancellation {unknown}
 i - a potion of brilliance {unknown}
 j - a potion of invisibility {unknown}


   Skills:
 + Level 3.5 Fighting
 + Level 3.5 Long Blades
 + Level 1.9 Armour
 + Level 2.0 Dodging
 + Level 0.1 Stealth


You had 2 spell levels left.
You didn't know any spells.
Your spell library was empty.

Dungeon Overview and Level Annotations

Branches:
Dungeon (2/15)

Altars:
Cheibriados


Innate Abilities, Weirdness & Mutations

When hurt, damage is shared between your health and your magic reserves.


Message History

A puff of frost appears from out of thin air!
The puff of frost hits you.
* * * LOW HITPOINT WARNING * * *
Something hits you but does no damage.
Okay, then.
A red film seems to cover your vision as you go berserk!
You feel yourself moving faster!
You feel mighty! Something hits you but does no damage.
You slash something! Something hits you.
* * * LOW HITPOINT WARNING * * *
You barely miss something. Something hits you.
* * * LOW HITPOINT WARNING * * *
Something hits you.
* * * LOW HITPOINT WARNING * * *
You hit something. You hit something.
You hear some strange, mumbled words.
A puff of flame appears from out of thin air!
The puff of flame hits you!
You die...

# #### #..# #...#
#..<. #..... ## #.#
#.#######...... .#
#.# #....([))..._..
.# #.# ###...{# .#
#.####....)@#
.#####.##...#####.#
..........###
#^#####
.##..#.##### ##...#
.##........#
####.#####
.##.##.###.#
##........#
.##.##.# #.#####
#..###....#
###.##.# #.....#
#.....#...# #
#.##.# #####.#
#..8..#...#


There were no monsters in sight!

Vanquished Creatures
  An ooze (D:1)
  2 dart slugs (D:1)
  A leopard gecko (D:1)
  3 orcs (D:2)
  6 bats (D:1)
  3 giant cockroaches (D:1)
  3 goblins (D:1)
  6 hobgoblins
  2 kobolds
  3 frilled lizards
  2 rats (D:1)
32 creatures vanquished.

Notes
Turn   | Place    | Note
-------+----------+-------------------------------------------
     0 | D:1      | Almogavar the Demonspawn Berserker began the quest for the
                  | Orb.
     0 | D:1      | Reached XP level 1. HP: 18/18 MP: 1/1
   196 | D:1      | Gained mutation: When hurt, damage is shared between your
                  | health and your magic reserves. [demonic ancestry]
   196 | D:1      | Reached XP level 2. HP: 23/24 MP: 2/2
   373 | D:1      | Reached XP level 3. HP: 29/29 MP: 3/3
   373 | D:1      | Reached ** piety under Trog
   762 | D:2      | Found a faded altar of an unknown god.
   866 | D:2      | Found a snail-covered altar of Cheibriados.
   890 | D:2      | Killed from afar by an orc wizard

Illustrated notes

Levels and vault maps discovered:
D:1:      nzn_arrival_water_spiral, layout_rooms, minmay_tetromino_t4
D:2:      layout_rooms, grunt_dithmenos_smoke_and_mirrors, lemuel_round_altar,
          chequers_ecumenical_altar_simple, uniq_crazy_yiuf_cottage, uniq_robin

Skill      XL: |  1  2  3 |
---------------+----------+-----
Long Blades    | 3 |  3.5
Dodging        | 2 |  2.0
Fighting       | |  3.5
Armour         | |  1.9
Stealth        | |  0.1

Action                   || total
-------------------------++-------
Melee: Falchion          ||    75
Invok: Berserk           ||     2
       Trog's Hand       ||     1
Armor: Animal skin       ||    21
Dodge: Dodged            ||    48
       Rpst.: Falchion   ||    12
